 Dungeon Crawl Stone Soup version 0.30.1-3-gfc49f6343a (webtiles) character file.

Game seed: 8929647256839603123

53 Zeor the Slasher (level 3, -1/27 HPs)
             Began as a Demonspawn Gladiator on Aug 9, 2023.
             Slain by Grinder (5 damage)
             ... on level 3 of the Dungeon.
             The game lasted 00:04:35 (1759 turns).

Zeor the Slasher (Demonspawn Gladiator)             Turns: 1759, Time: 00:04:36

Health: -1/27      AC:  3    Str: 14    XL:     3   Next: 62%
Magic:  3/3        EV: 12    Int:  9    God:
Gold:   103        SH:  0    Dex: 16    Spells: 2/2 levels left

rFire   + . .        a - +0 long sword
rCold   + . .        (no shield)
rNeg    . . .        b - +0 leather armour
rPois   .            (helmet restricted)
rElec   .            (no cloak)
rCorr   +            (no gloves)
SInv    .            (no boots)
Will    .....        (no amulet)
Stlth   +            f - ring of resist corrosion
HPRegen 0.24/turn    (no ring)
MPRegen 0.16/turn

%: no passive effects
@: flying, hasted, very quick
A: magic regeneration, horns 1, cold resistance 1, fire resistance 1
a: no special abilities


You were on level 3 of the Dungeon.
You visited 1 branch of the dungeon, and saw 3 of its levels.

You collected 103 gold pieces.

Inventory:

Hand Weapons
 a - a +0 long sword (weapon)
Missiles
 d - 3 throwing nets (quivered)
 e - a javelin
 n - 3 silver javelins
Armour
 b - a +0 leather armour (worn)
 c - a +0 helmet
Jewellery
 f - a ring of resist corrosion (left hand)
Scrolls
 h - 3 scrolls of vulnerability
 i - a scroll of amnesia
 k - a scroll of immolation


   Skills:
 + Level 2.2 Fighting
 * Level 3.5 Long Blades
 * Level 2.3 Throwing
 + Level 0.3 Armour
 + Level 2.9 Dodging


You had 2 spell levels left.
You didn't know any spells.
Your spell library contained the following spells:

 Spells                   Type           Power      Damage    Failure   Level
 Apportation              Tloc           0%         N/A       45%         1
 Necrotise                Necr           0%         1d4       45%         1
 Summon Small Mammal      Summ           0%         N/A       45%         1
 Tukima's Dance           Hex            0%         N/A       83%         3
 Passage of Golubria      Tloc           0%         N/A       99%         4
 Yara's Violent Unravell  Hex/Tmut       0%         3d3       100%        5


Dungeon Overview and Level Annotations

Branches:
Dungeon (3/15)

Altars:

Annotations:
D:3 Grinder


Innate Abilities, Weirdness & Mutations

You regenerate magic rapidly.
You have a pair of small horns on your head.
Your flesh is cold resistant. (rC+)
Your flesh is heat resistant. (rF+)


Message History

Grinder is lightly wounded.
Grinder hits you.
You writhe in agony.
You hit Grinder but do no damage.
Grinder is lightly wounded.
Grinder says, "Mostly I couldn't keep them alive."
Grinder hits you but does no damage.
It was a potion of mutation.
You feel extremely strange.
You feel resistant to heat. A pair of horns grows on your head!
Your +0 helmet falls away!
You feel resistant to cold.
You slash Grinder!
Grinder is moderately wounded.
Grinder barely misses you.
You barely miss Grinder. Your headbutt misses Grinder.
Grinder is moderately wounded.
Grinder hits you.
You writhe in agony.
You barely miss Grinder.
Grinder is moderately wounded.
Grinder hits you but does no damage.
You hit Grinder but do no damage. Your headbutt misses Grinder.
Grinder is moderately wounded.
Grinder completely misses you.
You closely miss Grinder.
Grinder is moderately wounded.
Grinder hits you!
* * * LOW HITPOINT WARNING * * *
You writhe in agony.
* * * LOW HITPOINT WARNING * * *
You closely miss Grinder.
Grinder is moderately wounded.
A quokka comes into view.
You barely miss Grinder. Your headbutt misses Grinder.
Grinder is moderately wounded.
Grinder gestures at you. Pain shoots through your body!
* * * LOW HITPOINT WARNING * * *
You closely miss Grinder.
Grinder is moderately wounded.
Grinder hits you.
You die... >∙▒ ∙5▒ ∙∙▒▒▒▒▒ ∙∙∙∙∙∙∙ ∙∙∙∙∙

∙∙∙ ▒▒▒ ▒▒▒▒∙▒▒▒▒▒
†∙▒ ▒∙6∙∙∙∙∙∙▒ ▒∙▒
▒∙▒5▒▒▒▒∙▒ ▒∙▒
▒∙▒∙▒ ▒∙▒
▒▒▒▒▒▒▒▒▒▒∙▒∙▒ ∙∙▒
▒∙∙∙∙∙∙∙▒▒∙▒∙▒ ▒∙▒
▒∙∙∙∙∙∙∙▒▒†▒∙▒
∙∙▒▒▒▒∙▒▒▒▒▒∙▒▒∙▒∙∙
∙∙∙∙∙∙∙∙∙∙∙∙∙∙∙∙▒▒▒
▒∙▒▒▒▒∙▒▒▒▒▒∙▒▒▒▒


You could see Grinder.

Vanquished Creatures
  2 adders
  A worm (D:2)
  2 ball pythons (D:1)
  4 bats
  An endoplasm (D:2)
  5 giant cockroaches
  6 goblins
  2 hobgoblins (D:2)
  3 kobolds
  2 rats
28 creatures vanquished.

Notes
Turn   | Place    | Note
-------+----------+-------------------------------------------
     0 | D:1      | Zeor the Demonspawn Gladiator began the quest for the Orb.
     0 | D:1      | Reached XP level 1. HP: 16/16 MP: 1/1
   402 | D:1      | Found a faded altar of an unknown god.
   525 | D:1      | Reached skill level 3 in Long Blades
   525 | D:1      | Gained mutation: You regenerate magic rapidly. [demonic
                  | ancestry]
   525 | D:1      | Reached XP level 2. HP: 22/22 MP: 2/2
  1212 | D:2      | Reached XP level 3. HP: 15/27 MP: 3/3
  1733 | D:3      | Noticed Grinder
  1751 | D:3      | Gained mutation: Your flesh is heat resistant. (rF+)
                  | [potion of mutation]
  1751 | D:3      | Gained mutation: You have a pair of small horns on your
                  | head. [potion of mutation]
  1751 | D:3      | Gained mutation: Your flesh is cold resistant. (rC+)
                  | [potion of mutation]
  1759 | D:3      | Slain by Grinder

Illustrated notes

Levels and vault maps discovered:
D:1:      saegor_arrival_under_anarchy, layout_loops_corners,
          basic_ecumenical_altar, kennysheep_nondescript
D:2:      minmay_wonky_spiral, layout_basic,
          nicolae_concentric_dashed_squares_mild,
          hangedman_abyss_or_decor_lesser_grid
D:3:      layout_loops_cross, uniq_grinder

Skill      XL: |  1  2  3 |
---------------+----------+-----
Long Blades    | 3 |  3.5
Throwing       | 2 |  2.3
Fighting       | |  2.2
Armour         | |  0.3
Dodging        | |  2.9

Action                     || total
---------------------------++-------
  Melee: Long sword        ||   110
    Use: Scroll            ||     7
         Potion            ||     7
   Stab: Sleeping          ||     1
 Armour: Leather armour    ||    34
  Dodge: Dodged            ||    81
